 Dungeon Crawl Stone Soup version 0.20-a0-947-g2784f4f (webtiles) character file.

138 KristoblXynda the Charlatan (level 5, 0/25 HPs)
             Began as a Spriggan Artificer on Apr 2, 2017.
             Succumbed to an adder's poison
             ... on level 2 of the Dungeon.
             The game lasted 00:04:50 (2611 turns).

KristoblXynda the Charlatan (Spriggan Artificer)    Turns: 2611, Time: 00:04:51

Health: 0/25       AC:  2    Str: 12 (13) XL:     5   Next: 1%
Magic:  9/9        EV: 18    Int: 13 (14) God:
Gold:   36         SH:  0    Dex: 14 (16) Spells: 4/4 levels left

rFire    . . .     SeeInvis +   a - +0 short sword
rCold    . . .     Gourm    .   (shield restricted)
rNeg     . . .     Faith    .   b - +0 robe
rPois    .         Spirit   .   (helmet restricted)
rElec    .         Reflect  .   (no cloak)
rCorr    .         Harm     .   (gloves unavailable)
MR       .....                  (boots unavailable)
Stlth    ++........             (no amulet)
Regen    0.1/turn               (no ring)
MPRegen  0.2/turn               (no ring)

@: mighty, lethally poisoned (0 -> -3), drained, very quick
A: unfitting armour, see invisible, herbivore 3, speed 3, slow metabolism 2
a: no special abilities


You were on level 2 of the Dungeon.
You were not hungry.

You visited 1 branch of the dungeon, and saw 2 of its levels.

You collected 36 gold pieces.

Inventory:

Hand Weapons
 a - a +0 short sword (weapon)
Armour
 b - a +0 robe (worn)
Wands
 c - a wand of flame (0/48)
 d - a wand of enslavement (15/24)
 e - a wand of random effects (8/48)
Scrolls
 g - a scroll of enchant weapon {unknown}
 j - a scroll of teleportation {unknown}
 l - a scroll of amnesia {unknown}
 m - a scroll of immolation {unknown}
 n - a scroll of identify
 o - a scroll of enchant armour {unknown}
 p - a scroll of remove curse {unknown}
Potions
 h - 2 potions of flight
Comestibles
 f - a bread ration


   Skills:
 - Level 1.1(0.4) Fighting
 + Level 2.3(1.6) Short Blades
 + Level 4.2(3.4) Dodging
 + Level 4.3(3.5) Stealth
 + Level 5.2(4.4) Evocations


You had 4 spell levels left.
You didn't know any spells.

Dungeon Overview and Level Annotations

Branches:
Dungeon (2/15)

Altars:


Innate Abilities, Weirdness & Mutations

You are very small and have problems with some larger weapons.
You are too small for most types of armour.
You have supernaturally acute eyesight. (SInv)
You are a herbivore.
You cover ground extremely quickly.
You need consume almost no food.


Message History

Unknown command.
Evoke which item? (* to show all) (? for menu, Esc to quit)
Okay, then.
* * * LOW HITPOINT WARNING * * *
You feel sick.
Evoke which item? (* to show all) (? for menu, Esc to quit)
Aiming: Throw Flame
Press: ? - help, Shift-Dir - straight line, f - hobgoblin
Aim: a hobgoblin, wielding a club, wearing a robe and wearing a small granite ring (severely wounded)
The puff of flame hits the hobgoblin.
The hobgoblin completely resists.
The hobgoblin is severely wounded.
This wand has 1 charge left.
Evoke which item? (* to show all) (? for menu, Esc to quit)
Aiming: Throw Flame
Press: ? - help, Shift-Dir - straight line, f/p - hobgoblin
Aim: a hobgoblin, wielding a club, wearing a robe and wearing a small granite ring (severely wounded)
The puff of flame hits the hobgoblin.
The hobgoblin resists.
The hobgoblin is almost dead.
This wand has 0 charges left.
You die...

#.........w .#
#.#.###.### #.#
#.#.#...# ...
#.#.#.#.###.#.#.#
#.#.#g##)......g#
#.#.#g###)#.....
#.#.g.# #)# ...
#.##### #†# . #@#
#.# #.# #.#
#.#######.#
#.g.....†.#
###########


You could see a hobgoblin.

Vanquished Creatures
  4 gnolls (D:2)
  5 adders (D:2)
  An ooze (D:1)
  A worm (D:2)
  2 dart slugs (D:2)
  A leopard gecko (D:2)
  2 ball pythons (D:2)
  6 bats
  4 giant cockroaches
  5 goblins
  2 hobgoblins (D:2)
  3 jackals (D:2)
  4 frilled lizards (D:2)
  4 kobolds
  3 rats
47 creatures vanquished.

Notes
Turn   | Place    | Note
-------+----------+-------------------------------------------
     0 | D:1      | KristoblXynda the Spriggan Artificer began the quest for the Orb.
     0 | D:1      | Reached XP level 1. HP: 9/9 MP: 4/4
   198 | D:1      | Reached XP level 2. HP: 14/14 MP: 6/6
   987 | D:2      | Reached skill level 1 in Fighting
  1276 | D:2      | Reached XP level 3. HP: 18/18 MP: 7/7
  1823 | D:2      | Reached skill level 5 in Evocations
  2175 | D:2      | Reached XP level 4. HP: 22/22 MP: 8/8
  2591 | D:2      | Reached XP level 5. HP: 9/25 MP: 9/9
  2600 | D:2      | HP: 1/25 [poisoned by an adder]
  2605 | D:2      | HP: 1/25 [poisoned by an adder]
  2611 | D:2      | Succumbed to an adder's poison

Vault maps used:
D:1:      scummos_arrival_forest
D:2:      minmay_split_cup_small

Skill      XL: |  1  2  3  4 |
---------------+-------------+-----
Stealth        | 2 3 4 |  4.3
Fighting       | 1 |  1.1
Evocations     | 5 |  5.2
Dodging        | 4 |  4.2
Short Blades   | 2 |  2.3

Action                   |  1- 3 |  4- 6 || total
-------------------------+-------+-------++-------
Melee: Short sword       |   113 |    69 ||   182
Evoke: Wand              |    13 |     9 ||    22
  Use: Scroll            |     1 |       ||     1
       Potion            |     1 |     2 ||     3
 Stab: Sleeping          |     3 |     1 ||     4
       Distracted        |     1 |       ||     1
       Paralysed         |       |     2 ||     2
Armor: Robe              |     6 |    11 ||    17
Dodge: Dodged            |   109 |    93 ||   202
